 Dungeon Crawl Stone Soup version 0.22.0-49-gab54619 (webtiles) character file.

12134 vatarom the Zephyrmancer (level 11, -17/63 HPs)
             Began as a Tengu Air Elementalist on Sept 6, 2018.
             Was a Priest of Sif Muna.
             Demolished by a white ugly thing (26 damage)
             ... on level 11 of the Dungeon.
             The game lasted 00:39:43 (15963 turns).

vatarom the Zephyrmancer (Tengu Air Elementalist)  Turns: 15963, Time: 00:39:44

Health: -17/63     AC:  9    Str:  8    XL:     11   Next: 88%
Magic:  24/24      EV: 22    Int: 19    God:    Sif Muna [***...]
Gold:   394        SH:  0    Dex: 25    Spells: 12/27 levels left

rFire    . . .     SeeInvis .   f - +1 dagger (elec)
rCold    . . .     Gourm    .   (no shield)
rNeg     . . .     Faith    .   d - +2 robe {MR+}
rPois    .         Spirit   .   (helmet restricted)
rElec    .         Reflect  .   p - +2 cloak
rCorr    .         Harm     .   (no gloves)
MR       ++...                  (boots unavailable)
Stlth    +++.......             y - amulet of magic regeneration
HPRegen  0.20/turn              v - +4 ring of evasion
MPRegen  0.44/turn              C - ring "Cacs" {MR+ Dex+10}

@: swift (expiring), divine energy, very quick
A: antennae 1, beak, talons 3, thin metallic scales 1, able to fly 1
a: Fly, Stop Divine Energy, Channel Magic, Renounce Religion


You were on level 11 of the Dungeon.
You worshipped Sif Muna.
Sif Muna was most pleased with you.
You were not hungry.

You visited 2 branches of the dungeon, and saw 13 of its levels.

You collected 547 gold pieces.
You spent 153 gold pieces at shops.

Inventory:

Hand Weapons
 f - a +1 dagger of electrocution (weapon)
 o - a +0 blowgun
Missiles
 k - 3 needles of confusion
 m - 3 throwing nets (quivered) {!f}
 n - 62 poisoned needles
Armour
 d - a +2 robe of magic resistance (worn)
 i - a +1 buckler
 p - a +2 cloak (worn)
Magical Staves
 w - an uncursed staff of wizardry
Jewellery
 v - a +4 ring of evasion (left hand)
 y - an amulet of magic regeneration (around neck)
 C - the ring "Cacs" (right hand) {MR+ Dex+10}
   (You found it on level 10 of the Dungeon)

   [ring of protection from magic]

   It affects your dexterity (+10).
   It affects your resistance to hostile enchantments.
 G - an uncursed amulet of guardian spirit {unknown}
Wands
 e - a wand of disintegration (14)
 q - a wand of flame (38)
 E - a wand of acid (11) {@v2}
Scrolls
 g - 4 scrolls of remove curse {@r2}
 l - 3 scrolls of teleportation {@r3}
 r - a scroll of fear
 s - 3 scrolls of immolation
 x - a scroll of magic mapping
 z - a scroll of random uselessness {unknown}
 A - a scroll of amnesia
Potions
 a - 2 potions of lignification {unknown}
 b - 4 potions of curing {@q1}
 h - 3 potions of heal wounds {unknown}
 j - 2 potions of agility {unknown}
 t - 2 potions of haste {unknown}
 u - 4 potions of might {unknown}
 D - a potion of berserk rage {unknown}
Comestibles
 c - 19 rations {@e1}


   Skills:
 - Level 5.1 Fighting
 - Level 2.8 Short Blades
 - Level 6.0 Dodging
 - Level 2.0 Stealth
 * Level 2.3 Shields
 * Level 8.7 Spellcasting
 + Level 11.4 Conjurations
 + Level 11.4 Air Magic
 + Level 6.2 Invocations


You had 12 spell levels left.
You knew the following spells:

 Your Spells              Type           Power        Failure   Level  Hunger
a - Shock                 Conj/Air       ####         1%          1    None
b - Swiftness             Chrm/Air       ####....     1%          2    None
c - Static Discharge      Conj/Air       ######..     1%          3    None
d - Airstrike             Air            ######....   1%          4    ###....
w - Lightning Bolt        Conj/Air       ######....   2%          5    #####..

Your spell library contained the following spells:

 Spells                   Type           Power        Failure   Level  Hunger
 Apportation              Tloc           #.....       9%          1    None
 Beastly Appendage        Tmut           #.....       9%          1    None
 Corona                   Hex            #......      9%          1    None
 Summon Butterflies       Summ           #.......     9%          1    None
 Slow                     Hex            #.......     13%         2    None
 Sticks to Snakes         Tmut           #.......     13%         2    None
 Inner Flame              Hex/Fire       #.......     26%         3    None
 Lesser Beckoning         Tloc           #.........   26%         3    None
 Portal Projectile        Hex/Tloc       #.....       26%         3    None
 Spider Form              Tmut/Pois      #.........   26%         3    None
 Tukima's Dance           Hex            #.......     26%         3    None
 Cause Fear               Hex            #.........   63%         4    ###....
 Ice Form                 Ice/Tmut       #.......     63%         4    ###....
 Leda's Liquefaction      Hex/Erth       #.........   63%         4    ###....
 Alistair's Intoxication  Tmut/Pois      #.......     93%         5    #####..
 Blade Hands              Tmut           #.........   93%         5    #####..
 Invisibility             Hex            #.......     100%        6    ######.


Dungeon Overview and Level Annotations

Branches:
Dungeon (12/15)            Temple (1/1) D:6            Lair (0/6) D:9
    Orc: D:9-12

Altars:
Ashenzari
Cheibriados
Dithmenos
Elyvilon
Fedhas
Gozag
Hepliaklqana
Kikubaaqudgha
Makhleb
Nemelex Xobeh
Okawaru
Qazlal
Ru
Sif Muna
Trog
Uskayaw
Vehumet
Wu Jian
Xom
Yredelemnul
Zin
The Shining One

Shops:
D:4 [

Portals:
Trove: D:11 (give 9 potions of haste)

Annotations:
D:5 2 transporters


Innate Abilities, Weirdness & Mutations

You have a beak for a mouth.
You have claws for feet.
You can fly.
You have a pair of small antennae on your head.
You are partially covered in thin metallic scales. (AC +2)


Message History

* * * LOW HITPOINT WARNING * * *
Unknown command.
Okay, then.
Casting: Lightning Bolt (safe; 2% risk of failure)
Confirm with . or Enter, or press ? or * to list all spells.
You don't know that spell.
Casting: Lightning Bolt (safe; 2% risk of failure)
Confirm with . or Enter, or press ? or * to list all spells.
You feel quick.
The white ugly thing punches you but does no damage.
Unknown command.
Okay, then.
As you read the scroll of teleportation {@r3}, it crumbles to dust.
You feel strangely unstable.
You start to feel a little slower.
Your surroundings seem slightly different.
The white ugly thing punches you.
* * * LOW HITPOINT WARNING * * *
The white ugly thing freezes you!!
You die...

#.#.......#.#.....
#.#.......'.#.....
#.##......#.#.....
#..#......#.#.....
#ยง.#......#.#.....
#..########.##'###
#.................
#u................
#@......#########.
#.......#.......'.
####....#.......#.
#....#.......#.
#....#.......#.
#....#.......#.
#....#.......#.
#....###'#####.
#......(.......


You could see a white ugly thing.

Vanquished Creatures
  2 two-headed ogres
  Sonja (D:11)
  Pikel (D:6)
  A komodo dragon (D:10)
  A hornet (D:9)
  Prince Ribbit (D:6)
  4 hippogriffs
  2 vampires
  17 yaks
  Menkaure (D:7)
  A water moccasin (D:9)
  A soldier ant (D:11)
  A porcupine (D:9)
  4 orc warriors
  5 ice beasts
  2 black bears
  3 sky beasts
  2 phantoms
  5 ogres
  A crocodile (D:9)
  10 centaurs
  13 bullfrogs
  5 scorpions
  3 wights
  A howler monkey (D:5)
  A bullfrog zombie (D:11)
  A centaur zombie (D:9)
  2 quasits
  3 hounds
  2 jellies
  2 gnoll shamans
  3 orc priests
  4 iguanas
  3 bullfrog skeletons
  9 orc wizards
  Ijyb (D:3)
  2 worker ants
  A hound zombie (D:5)
  Robin (D:3)
  A worker ant zombie (D:9)
  14 adders
  15 gnolls
  A howler monkey skeleton (D:7)
  3 shadow imps
  An ooze (D:1)
  A worm (D:2)
  2 adder skeletons
  3 adder zombies
  2 dart slugs
  5 leopard geckos
  33 orcs
  2 giant cockroaches
  20 goblins
  12 hobgoblins
  14 jackals
  9 kobolds
  2 quokkas
  A ball python (D:2)
  6 bats
  4 frilled lizards
  A leopard gecko skeleton (D:5)
  6 rats
281 creatures vanquished.

Vanquished Creatures (others)
  A slave (D:6)
  26 fungi (D:9)
  6 plants (D:9)
33 creatures vanquished.

Grand Total: 314 creatures vanquished

Notes
Turn   | Place    | Note
-------+----------+-------------------------------------------
     0 | D:1      | vatarom the Tengu Air Elementalist began the quest for the
                  | Orb.
     0 | D:1      | Reached XP level 1. HP: 10/10 MP: 4/4
   336 | D:1      | Reached XP level 2. HP: 15/15 MP: 3/6
   719 | D:1      | Learned a level 2 spell: Swiftness
   797 | D:1      | Reached XP level 3. HP: 18/19 MP: 3/7
   802 | D:1      | Learned a level 3 spell: Static Discharge
  1621 | D:2      | Reached XP level 4. HP: 24/24 MP: 6/9
  2499 | D:3      | Noticed a bullfrog
  2500 | D:3      | Noticed Robin
  2508 | D:3      | Gained mutation: You can fly. [Tengu growth]
  2508 | D:3      | Reached XP level 5. HP: 28/28 MP: 5/10
  2513 | D:3      | Reached skill level 5 in Air Magic
  2521 | D:3      | Killed Robin
  2634 | D:3      | Found an ancient bone altar of Kikubaaqudgha.
  2653 | D:3      | Reached skill level 5 in Conjurations
  2708 | D:3      | Found an opulent altar of Gozag.
  2708 | D:3      | Found a basalt altar of Yredelemnul.
  2708 | D:3      | Found a sparkling altar of Nemelex Xobeh.
  2708 | D:3      | Found a blossoming altar of Fedhas.
  2783 | D:3      | Reached XP level 6. HP: 30/32 MP: 8/12
  2789 | D:3      | Learned a level 4 spell: Airstrike
  3509 | D:3      | Noticed Ijyb
  3516 | D:3      | Killed Ijyb
  3875 | D:4      | Gained mutation: You have a pair of small antennae on your
                  | head. [potion of mutation]
  3875 | D:4      | Gained mutation: You are partially covered in thin metallic
                  | scales. (AC +2) [potion of mutation]
  3998 | D:4      | Found Erisaat's Antique Armour Shoppe.
  4003 | D:4      | Bought a twisted robe for 153 gold pieces
  4013 | D:4      | Identified the +1 robe of Inevitability {-Cast Str+5} (You
                  | bought it in a shop on level 4 of the Dungeon)
  4481 | D:4      | Reached XP level 7. HP: 36/36 MP: 1/14
  4654 | D:5      | Entered Level 5 of the Dungeon
  5003 | D:5      | Found a transporter.
  5018 | D:5      | Found a transporter.
  5942 | D:6      | Reached skill level 1 in Fighting
  5942 | D:6      | Reached XP level 8. HP: 34/43 MP: 0/16
  6284 | D:6      | Learned a level 5 spell: Lightning Bolt
  6298 | D:6      | Noticed Prince Ribbit
  6311 | D:6      | Killed Prince Ribbit
  6311 | D:6      | Reached skill level 5 in Spellcasting
  6867 | D:6      | Noticed Pikel
  6881 | D:6      | Killed Pikel
  6881 | D:6      | Reached XP level 9. HP: 52/52 MP: 0/18
  7254 | D:6      | Found a staircase to the Ecumenical Temple.
  7262 | Temple   | Entered the Ecumenical Temple
  7316 | Temple   | Became a worshipper of Sif Muna the Loreminder
  8052 | D:7      | Noticed Menkaure
  8055 | D:7      | Killed Menkaure
  8055 | D:7      | Reached skill level 5 in Fighting
  8175 | D:7      | Found an opulent altar of Gozag.
  8567 | D:7      | Reached skill level 1 in Invocations
  8646 | D:7      | Found a shimmering altar of Xom.
  8983 | D:8      | Reached * piety under Sif Muna
  9356 | D:8      | Noticed a two-headed ogre
  9368 | D:8      | Killed a two-headed ogre
  9368 | D:8      | Reached XP level 10. HP: 59/59 MP: 8/22
 10466 | D:9      | Reached skill level 10 in Conjurations
 10736 | D:9      | Reached ** piety under Sif Muna
 11002 | D:9      | Reached skill level 5 in Dodging
 11443 | D:9      | Reached skill level 5 in Invocations
 11592 | D:9      | Found a white marble altar of Elyvilon.
 11646 | D:9      | Found a shadowy altar of Dithmenos.
 11653 | D:9      | Reached XP level 11. HP: 63/63 MP: 12/23
 11944 | D:9      | Found a staircase to the Lair.
 12256 | D:9      | Reached skill level 10 in Air Magic
 12407 | D:10     | Entered Level 10 of the Dungeon
 12677 | D:10     | Reached skill level 1 in Short Blades
 12834 | D:10     | Noticed a two-headed ogre
 12853 | D:10     | Killed a two-headed ogre
 13269 | D:9      | Reached *** piety under Sif Muna
 13663 | D:9      | Got a polished quarterstaff {crush}
 13664 | D:9      | Identified the +3 quarterstaff "Vemainiv" {crush, *Corrode
                  | rN+ Str+5 Int+2} (You took it off an orc on level 9 of the
                  | Dungeon)
 13768 | D:10     | Got a vibrating lead ring
 13769 | D:10     | Identified the ring "Cacs" {MR+ Dex+10} (You found it on
                  | level 10 of the Dungeon)
 14387 | D:10     | Found an opulent altar of Gozag.
 14799 | D:11     | Noticed Sonja
 14804 | D:11     | Killed Sonja
 14804 | D:11     | Reached skill level 1 in Shields
 15184 | D:11     | Found a portal to a secret trove of treasure.
 15937 | D:12     | Noticed a white ugly thing
 15937 | D:12     | HP: 1/63 [gnoll sergeant/vampiric trident (6)]
 15963 | D:11     | Demolished by a white ugly thing

Skill      XL: |  1  2  3  4  5  6  7  8  9 10 11 |
---------------+----------------------------------+-----
Conjurations   | 2 3 4 5 6 7 8 9 10 11 | 11.4
Spellcasting   | 3 4 5 7 8 |  8.7
Air Magic      | 5 6 7 9 11 | 11.4
Fighting       | 1 4 5 |  5.1
Invocations    | 3 5 6 |  6.2
Dodging        | 3 5 6 |  6.0
Short Blades   | 2 |  2.8
Shields        | 2 |  2.3
Stealth        | |  2.0

Action                   |  1- 3 |  4- 6 |  7- 9 | 10-12 || total
-------------------------+-------+-------+-------+-------++-------
Melee: Mace              |    20 |    28 |       |       ||    48
       Peck              |     1 |     9 |     2 |    20 ||    32
       Kick              |     1 |     4 |     9 |    34 ||    48
       Dagger            |       |    12 |    33 |   117 ||   162
 Cast: Shock             |    41 |    95 |    75 |    70 ||   281
       Static Discharge  |     2 |     3 |    35 |    55 ||    95
       Airstrike         |       |     8 |    45 |    86 ||   139
       Lightning Bolt    |       |       |     1 |    15 ||    16
       Swiftness         |       |       |       |     1 ||     1
Invok: Divine Energy     |       |       |     1 |       ||     1
       Channel Magic     |       |       |       |     2 ||     2
 Abil: Fly               |       |       |     4 |     7 ||    11
Evoke: Wand              |       |       |     1 |     2 ||     3
  Use: Scroll            |     3 |     8 |     4 |     3 ||    18
       Potion            |       |     1 |     2 |     3 ||     6
 Stab: Sleeping          |       |     2 |       |     3 ||     5
  Eat: Chunk             |     3 |    10 |    14 |    26 ||    53
       Ration            |       |       |     3 |     3 ||     6
Armor: Robe              |     8 |     7 |    25 |    39 ||    79
Dodge: Dodged            |    32 |    67 |   101 |   185 ||   385
